[ AOE2 MATCH · #457569845 ]
Team RMPersians vs Huns
[ REPLAY ANALYSIS · EXTRACTED FROM THE RECORDED GAME ]
Feudal
14:31
Castle
20:03
Imperial
—
| APM avg | 16.9 |
| APM peak | 52 |
| eAPM avg | 7.7 |
| Villagers / military | 36 / 0 |
Focus
⚔️ 3.2% · 🌾 96.8%
Fishing Ship ×10
Feudal
17:16
Castle
—
Imperial
—
| APM avg | 8.6 |
| APM peak | 17 |
| eAPM avg | 5.5 |
| Villagers / military | 28 / 7 |
Focus
⚔️ 16.5% · 🌾 83.5%
Militia ×7 · Fishing Ship ×5
Feudal
—
Castle
—
Imperial
—
| APM avg | 7.0 |
| APM peak | 19 |
| eAPM avg | 4.3 |
| Villagers / military | 28 / 0 |
Focus
⚔️ 13.0% · 🌾 87.0%
Feudal
16:22
Castle
—
Imperial
—
| APM avg | 26.5 |
| APM peak | 66 |
| eAPM avg | 11.3 |
| Villagers / military | 31 / 3 |
Focus
⚔️ 22.1% · 🌾 77.9%
Fishing Ship ×4 · Skirmisher ×2 · Spearman ×1
Match map
Initial resources + every placement click. Lines = walls · curves = elevation contours. ◆ gold · ⬟ stone · ● berries · ✦ relic · ◌ wall gap
Your base· Open — 5t gap
nicolasvillassanta15's base· Open — unwalled flank
MrAlwaysWins's base· Open — 14t gap
Gatito_JOE's base· Open — unwalled flank
Smoothed initial terrain · ◌ = detected wall gap · hover for details
Inputs per minute
— leehunt85 - - nicolasvillassanta15
Build order — leehunt85
78 actions detected in the replay
| 0:08 | Build | Town Center |
| 2:35 | Create | Villager (Male) |
| 2:35 | Create | Villager (Male) |
| 2:35 | Create | Villager (Male) |
| 2:42 | Build | House |
| 2:55 | Build | House |
| 3:00 | Build | House |
| 3:06 | Create | Villager (Male) |
| 3:06 | Create | Villager (Male) |
| 3:26 | Build | House |
| 3:37 | Build | House |
| 3:47 | Create | Villager (Male) |
| 4:23 | Create | Villager (Male) |
| 4:40 | Build | House |
| 4:53 | Create | Villager (Male) |
| 5:27 | Build | Mill |
| 5:34 | Create | Villager (Male) |
| 5:34 | Create | Villager (Male) |
| 5:54 | Create | Villager (Male) |
| 6:50 | Create | Villager (Male) |
| 6:50 | Create | Villager (Male) |
| 7:58 | Create | Villager (Male) |
| 7:58 | Create | Villager (Male) |
| 8:57 | Create | Villager (Male) |
| 8:57 | Create | Villager (Male) |
| 8:57 | Create | Villager (Male) |
| 8:58 | Create | Villager (Male) |
| 9:14 | Build | Dock |
| 9:20 | Create | Villager (Male) |
| 9:20 | Create | Villager (Male) |
| 9:50 | Create | Fishing Ship |
| 10:44 | Build | Mining Camp |
| 11:35 | Create | Fishing Ship |
| 11:36 | Create | Fishing Ship |
| 11:37 | Create | Fishing Ship |
| 11:40 | Create | Fishing Ship |
| 12:09 | Build | House |
| 12:13 | Build | House |
| 12:18 | Build | House |
| 12:27 | Research | Feudal Age |
| 13:02 | Create | Villager (Male) |
| 13:02 | Create | Villager (Male) |
| 14:03 | Build | Mill |
| 14:12 | Build | House |
| 14:16 | Build | House |
| 14:20 | Build | House |
| 14:25 | Create | Villager (Male) |
| 14:25 | Create | Villager (Male) |
| 14:25 | Create | Villager (Male) |
| 14:31 | Age | Feudal Age |
| 14:34 | Create | Fishing Ship |
| 14:34 | Create | Fishing Ship |
| 14:42 | Build | Blacksmith |
| 15:22 | Build | Market |
| 15:41 | Build | House |
| 15:50 | Build | House |
| 15:54 | Build | House |
| 15:58 | Build | House |
| 17:38 | Research | Castle Age |
| 17:53 | Create | Villager (Male) |
| 18:00 | Create | Fishing Ship |
| 18:00 | Create | Fishing Ship |
| 18:00 | Create | Fishing Ship |
| 18:20 | Build | Farm |
| 18:25 | Build | Farm |
| 18:34 | Create | Villager (Male) |
| 18:34 | Create | Villager (Male) |
| 18:43 | Build | Farm |
| 19:27 | Create | Villager (Male) |
| 19:27 | Create | Villager (Male) |
| 19:28 | Create | Villager (Male) |
| 20:03 | Age | Castle Age |
| 20:16 | Create | Villager (Male) |
| 20:16 | Create | Villager (Male) |
| 20:16 | Create | Villager (Male) |
| 20:16 | Create | Villager (Male) |
| 20:52 | Build | Castle |
| 21:03 | Build | Castle |
Build order — nicolasvillassanta15
48 actions detected in the replay
| 0:31 | Build | Town Center |
| 3:42 | Create | Villager (Male) |
| 3:42 | Create | Villager (Male) |
| 3:42 | Create | Villager (Male) |
| 3:42 | Create | Villager (Male) |
| 5:33 | Create | Villager (Male) |
| 5:33 | Create | Villager (Male) |
| 5:34 | Create | Villager (Male) |
| 5:35 | Create | Villager (Male) |
| 6:37 | Create | Villager (Male) |
| 6:37 | Create | Villager (Male) |
| 7:48 | Build | Dock |
| 8:11 | Create | Villager (Male) |
| 8:11 | Create | Villager (Male) |
| 8:11 | Create | Villager (Male) |
| 8:11 | Create | Villager (Male) |
| 8:30 | Create | Fishing Ship |
| 8:31 | Create | Fishing Ship |
| 9:13 | Create | Villager (Male) |
| 9:14 | Create | Villager (Male) |
| 9:46 | Create | Fishing Ship |
| 9:46 | Create | Fishing Ship |
| 10:48 | Create | Villager (Male) |
| 10:49 | Create | Villager (Male) |
| 11:13 | Create | Fishing Ship |
| 11:35 | Build | Mining Camp |
| 12:41 | Create | Villager (Male) |
| 13:43 | Create | Villager (Male) |
| 14:17 | Create | Villager (Male) |
| 15:06 | Research | Feudal Age |
| 15:20 | Build | Barracks |
| 17:16 | Age | Feudal Age |
| 18:09 | Create | Militia |
| 18:09 | Create | Militia |
| 18:10 | Create | Militia |
| 18:39 | Build | Watch Tower |
| 19:11 | Create | Villager (Male) |
| 19:11 | Create | Villager (Male) |
| 19:12 | Create | Villager (Male) |
| 19:12 | Create | Villager (Male) |
| 19:12 | Create | Villager (Male) |
| 19:12 | Create | Villager (Male) |
| 19:12 | Create | Villager (Male) |
| 19:57 | Research | Man-at-Arms (upgrade) |
| 21:11 | Create | Militia |
| 21:11 | Create | Militia |
| 21:12 | Create | Militia |
| 21:12 | Create | Militia |
Build order — MrAlwaysWins
39 actions detected in the replay
| 0:18 | Build | Town Center |
| 2:34 | Create | Villager (Male) |
| 2:35 | Create | Villager (Male) |
| 2:35 | Create | Villager (Male) |
| 2:35 | Create | Villager (Male) |
| 2:35 | Create | Villager (Male) |
| 2:36 | Create | Villager (Male) |
| 2:49 | Build | House |
| 2:52 | Build | House |
| 2:54 | Build | House |
| 2:56 | Build | House |
| 3:21 | Build | Mill |
| 4:26 | Research | Loom |
| 5:05 | Create | Villager (Male) |
| 5:05 | Create | Villager (Male) |
| 5:57 | Create | Villager (Male) |
| 5:57 | Create | Villager (Male) |
| 6:01 | Create | Villager (Male) |
| 6:01 | Create | Villager (Male) |
| 6:14 | Create | Villager (Male) |
| 6:47 | Create | Villager (Male) |
| 6:47 | Create | Villager (Male) |
| 7:26 | Build | Mining Camp |
| 8:00 | Create | Villager (Male) |
| 8:32 | Create | Villager (Male) |
| 9:52 | Create | Villager (Male) |
| 9:52 | Create | Villager (Male) |
| 9:52 | Create | Villager (Male) |
| 9:52 | Create | Villager (Male) |
| 9:53 | Create | Villager (Male) |
| 11:26 | Build | Mill |
| 12:23 | Build | Town Center |
| 13:45 | Build | Lumber Camp |
| 14:50 | Create | Villager (Male) |
| 15:23 | Create | Villager (Male) |
| 15:23 | Create | Villager (Male) |
| 16:10 | Create | Villager (Male) |
| 16:48 | Create | Villager (Male) |
| 16:48 | Create | Villager (Male) |
Build order — Gatito_JOE
52 actions detected in the replay
| 1:38 | Build | Dock |
| 1:41 | Build | House |
| 1:44 | Build | House |
| 2:58 | Build | Town Center |
| 5:06 | Create | Villager (Male) |
| 5:06 | Create | Villager (Male) |
| 5:06 | Create | Villager (Male) |
| 5:06 | Create | Villager (Male) |
| 5:33 | Create | Villager (Male) |
| 6:12 | Create | Villager (Male) |
| 7:05 | Create | Villager (Male) |
| 7:06 | Create | Villager (Male) |
| 7:40 | Create | Villager (Male) |
| 7:40 | Create | Villager (Male) |
| 7:43 | Research | Loom |
| 8:06 | Create | Villager (Male) |
| 9:03 | Create | Villager (Male) |
| 9:03 | Create | Villager (Male) |
| 9:03 | Create | Villager (Male) |
| 9:32 | Create | Fishing Ship |
| 10:02 | Create | Fishing Ship |
| 10:22 | Build | House |
| 10:23 | Build | House |
| 10:50 | Create | Fishing Ship |
| 11:33 | Build | Settlement |
| 11:39 | Create | Villager (Male) |
| 11:39 | Create | Villager (Male) |
| 11:40 | Create | Villager (Male) |
| 12:15 | Create | Villager (Male) |
| 12:15 | Create | Villager (Male) |
| 12:18 | Create | Fishing Ship |
| 12:32 | Create | Villager (Male) |
| 12:32 | Create | Villager (Male) |
| 12:32 | Create | Villager (Male) |
| 12:59 | Build | Dock |
| 14:04 | Build | Settlement |
| 14:12 | Research | Feudal Age |
| 14:42 | Build | Settlement |
| 16:22 | Age | Feudal Age |
| 16:47 | Build | Watch Tower |
| 16:55 | Create | Spearman |
| 17:01 | Create | Villager (Male) |
| 17:02 | Create | Villager (Male) |
| 17:02 | Create | Villager (Male) |
| 17:32 | Create | Skirmisher |
| 17:59 | Create | Skirmisher |
| 20:00 | Create | Villager (Male) |
| 20:00 | Create | Villager (Male) |
| 20:01 | Create | Villager (Male) |
| 20:01 | Create | Villager (Male) |
| 20:01 | Create | Villager (Male) |
| 20:01 | Create | Villager (Male) |
Match timeline
| 1:38 | Gatito_JOE · first_building Dock |
| 7:48 | nicolasvillassanta15 · first_building Dock |
| 9:14 | leehunt85 · first_building Dock |
| 14:31 | leehunt85 · age_up feudal |
| 15:20 | nicolasvillassanta15 · first_building Barracks |
| 16:22 | Gatito_JOE · age_up feudal |
| 16:53 | leehunt85 · first_market_sell 100 food |
| 17:16 | nicolasvillassanta15 · age_up feudal |
| 20:03 | leehunt85 · age_up castle |
| 20:52 | leehunt85 · first_building Castle |
| 21:35 | Gatito_JOE · resign |
[ AI ANALYSIS · 1 CREDIT ]
What really happened in this match?
Wolo.gg analyzes every decision: build order, eco, micro, common mistakes by bracket. Personalized analysis on WhatsApp or Discord in 30 seconds.
Civ guide
Persians
Map guide
Nomad
Perfil
Jugador #17570971